 Dungeon Crawl Stone Soup version 0.23-a0-681-g26ad783 (webtiles) character file.

10619 Firecrotchwizard the Grappler (level 11, -1/111 HPs)
             Began as a Troll Assassin on Jan 8, 2019.
             Was a Priest of Uskayaw.
             Slain by an eight-headed hydra (9 damage)
             ... on level 1 of the Lair of Beasts on Jan 11, 2019.
             The game lasted 00:21:39 (11901 turns).

Firecrotchwizard the Grappler (Troll Assassin)     Turns: 11901, Time: 00:21:39

Health: -1/111     AC:  9    Str: 22    XL:     11   Next: 38%
Magic:  15/15      EV:  9    Int:  8    God:    Uskayaw [***...]
Gold:   458        SH:  0    Dex: 18    Spells: 10/10 levels left

rFire    . . .     SeeInvis +     - Unarmed
rCold    . . .     Gourm    +   (no shield)
rNeg     . . .     Faith    .   c - +1 robe
rPois    +         Spirit   .   (helmet restricted)
rElec    .         Reflect  .   E - +2 cloak of the Thief {+Fog Slay-2 SInv Stlth+}
rCorr    .         Harm     .   (gloves unavailable)
MR       .....                  (boots unavailable)
Stlth    +++.......             (no amulet)
HPRegen  0.68/turn              s - +6 ring of dexterity
MPRegen  0.14/turn              S - ring of poison resistance {rPois, !d}

@: lethally poisoned (-1 -> -4)
A: large, unfitting armour, claws 3, fast metabolism 3, gourmand, regeneration
1, shaggy fur 1, tough skin 2
a: Stomp, Line Pass, Renounce Religion, Evoke Fog


You were on level 1 of the Lair of Beasts.
You worshipped Uskayaw.
Uskayaw was noncommittal.
You were full.

You visited 3 branches of the dungeon, and saw 12 of its levels.
You also visited: Sewer.

You collected 458 gold pieces.

Inventory:

Hand Weapons
 a - a +2 dagger
 b - a +1 blowgun
 q - a +0 hunting sling
   (You found it on level 1 of the Dungeon)
Missiles
 e - 38 poisoned needles
 f - 2 curare-tipped needles
 k - 132 sling bullets
 L - 2 throwing nets {=f, !d}
 Y - 9 large rocks (quivered) {!d}
Armour
 c - a +1 robe (worn)
 d - a +0 cloak
 E - the +2 cloak of the Thief (worn) {+Fog Slay-2 SInv Stlth+}
   (You found it on level 5 of the Dungeon)

   It affects your accuracy and damage with ranged weapons and melee attacks
   (-2).
   It lets you see invisible.
   It makes you more stealthy.
Jewellery
 s - a +6 ring of dexterity (left claw)
   (You found it on level 2 of the Dungeon)
 y - an uncursed ring of stealth {Stlth+}
   (You found it on level 5 of the Dungeon)
 G - an uncursed ring of magical power {MP+9}
   (You found it on level 5 of the Dungeon)
 N - an uncursed ring of resist corrosion
   (You found it on level 7 of the Dungeon)
 S - a ring of poison resistance (right claw) {rPois, !d}
   (You found it on level 8 of the Dungeon)
 V - an uncursed ring of protection from cold {rC+, !d}
   (You found it on level 9 of the Dungeon)
Wands
 v - a wand of digging (11)
   (You found it on level 3 of the Dungeon)
 x - a wand of paralysis (9)
   (You found it on level 3 of the Dungeon)
 M - a wand of flame (17)
   (You found it on level 7 of the Dungeon)
 O - a wand of acid (10)
   (You found it on level 7 of the Dungeon)
Scrolls
 i - a scroll of teleportation
 m - a scroll of fog
 o - 5 scrolls of remove curse
 u - 2 scrolls of enchant weapon
 D - a scroll of amnesia
 H - a scroll of blinking {!r}
 J - a scroll of magic mapping {unknown}
 K - a scroll of holy word {unknown}
 P - a scroll of acquirement {unknown}
 Q - a scroll of enchant armour
 R - a scroll of fear {unknown}
 T - 2 scrolls of identify
 U - a scroll of immolation {!r}
 W - a scroll of random uselessness {unknown}
 X - a scroll of brand weapon {unknown}
Potions
 h - 2 potions of magic {unknown}
 j - 2 potions of brilliance
 l - 5 potions of mutation {!q}
 n - 2 potions of agility {unknown}
 p - a potion of ambrosia {unknown}
 r - a potion of invisibility {unknown}
 t - 8 potions of curing
 w - a potion of berserk rage {unknown}
 z - 2 potions of degeneration {!q}
 A - 2 potions of heal wounds {unknown}
 B - a potion of haste {unknown}
 C - 2 potions of flight {unknown}
 F - a potion of lignification {unknown}
 I - 2 potions of cancellation {unknown}
Comestibles
 g - 29 rations


   Skills:
 + Level 8.1 Fighting
 - Level 1.5 Short Blades
 - Level 1.7 Throwing
 + Level 2.1 Armour
 - Level 0.7 Dodging
 - Level 2.1 Stealth
 - Level 12.4 Unarmed Combat
 + Level 7.6 Invocations


You had 10 spell levels left.
You didn't know any spells.
Your spell library contained the following spells:

 Spells                   Type           Power        Failure   Level  Hunger
 Animate Skeleton         Necr           N/A          41%         1    ##.....
 Confusing Touch          Hex            #.....       41%         1    ##.....
 Freeze                   Ice            #...         41%         1    ##.....
 Magic Dart               Conj           #...         41%         1    ##.....
 Pain                     Necr           #...         41%         1    ##.....
 Blink                    Tloc           N/A          54%         2    ###....
 Call Imp                 Summ           #.......     54%         2    ###....
 Slow                     Hex            #.......     54%         2    ###....
 Throw Frost              Conj/Ice       #.....       54%         2    ###....
 Confuse                  Hex            #.......     78%         3    ####...
 Conjure Flame            Conj/Fire      #.......     78%         3    ####...
 Gell's Gravitas          Tloc           #.........   78%         3    ####...
 Mephitic Cloud           Conj/Pois/Air  #.......     78%         3    ####...
 Ozocubu's Armour         Chrm/Ice       #.......     78%         3    ####...
 Regeneration             Chrm/Necr      #.........   78%         3    ####...
 Vampiric Draining        Necr           #.........   78%         3    ####...
 Animate Dead             Necr           N/A          99%         4    #####..
 Petrify                  Tmut/Erth      #.......     99%         4    #####..
 Summon Ice Beast         Ice/Summ       #.......     99%         4    #####..
 Throw Icicle             Conj/Ice       #.......     99%         4    #####..
 Bolt of Magma            Conj/Fire/Erth #.........   100%        5    ######.
 Iskenderun's Battlesphe  Conj/Chrm      #.......     100%        5    ######.
 Metabolic Englaciation   Hex/Ice        #.........   100%        5    ######.
 Venom Bolt               Conj/Pois      #.........   100%        5    ######.
 Yara's Violent Unravell  Hex/Tmut       #.........   100%        5    ######.
 Iron Shot                Conj/Erth      #.........   100%        6    #######
 Orb of Destruction       Conj           #.........   100%        7    #######
 Spellforged Servitor     Conj/Summ      #.........   100%        7    #######


Dungeon Overview and Level Annotations

Branches:
Dungeon (10/15)            Temple (1/1) D:4            Lair (1/6) D:9
    Orc: D:9-12

Altars:
Ashenzari
Cheibriados
Dithmenos
Elyvilon
Fedhas
Gozag
Hepliaklqana
Kikubaaqudgha
Makhleb
Nemelex Xobeh
Okawaru
Qazlal
Ru
Sif Muna
Trog
Uskayaw
Vehumet
Wu Jian
Xom
Yredelemnul
Zin
The Shining One

Annotations:
D:8 1 runed door


Innate Abilities, Weirdness & Mutations

You are too large for most types of armour.
You have claws for hands.
Your metabolism is lightning-fast.
You like to eat raw meat.
Your natural rate of healing is unusually fast.
You are covered in fur. (AC +1)
You have very tough skin. (AC +2)


Message History

You take 14 damage, and have 67/111 hp.
You barely miss the spiny frog.
A bullfrog comes into view.
The spiny frog stings you!
You take 8 damage, and have 59/111 hp.
You scratch the spiny frog but do no damage.
The spiny frog closely misses you.
Unknown command.
You barely miss the spiny frog. The spiny frog stings you.
You take 4 damage, and have 56/111 hp.
You claw the spiny frog!
You kill the spiny frog!
You see here a spiny frog corpse.
The bullfrog closely misses you. The bullfrog hits you.
You take 2 damage, and have 56/111 hp.
You closely miss the bullfrog. The bullfrog hits you.
You take 4 damage, and have 52/111 hp.
You claw the bullfrog! The bullfrog barely misses you.
You mangle the bullfrog!!
You kill the bullfrog!
Uskayaw will force your foes to helplessly watch your dance.
You see here a spiny frog corpse.
You start resting.
Uskayaw will no longer force your foes to helplessly watch your dance.
You can no longer pass through a line of other dancers.
You hear the faint crackling of a very distant melting archway.
You regained 12 hp, and now have 67/111 hp.
You start resting.
You hear the faint crackling of a very distant melting archway.
You regained 35 hp, and now have 102/111 hp.
Autochopping corpse.
The spiny frog corpse isn't edible.
You're wearing all the rings you can.
Remove which one? (? for menu, Esc to You remove your ring of poison resistance {rPois, !d}.
V - a ring of protection from cold (right claw) You're wearing all the rings you can.
Remove which one? (? for menu, Esc to You remove your ring of protection from cold {rC+, !d}.
S - a ring of poison resistance (right claw) {rPois, !d} A spiny frog comes into view.
You regained 6 hp, and now have 109/111 hp.
The spiny frog croaks.
Health restored: 111 A spiny frog is nearby!
The spiny frog stings you but does no damage.
You barely miss the spiny frog.
A six-headed hydra comes into view.
The six-headed hydra roars!
You scratch the spiny frog. The spiny frog barely misses you.
Okay, then.
You scratch the spiny frog but do no damage.
The spiny frog stings you!
You take 15 damage, and have 96/111 hp.
You claw the spiny frog! The spiny frog stings you.
You take 1 damage, and have 95/111 hp.
You scratch the spiny frog but do no damage.
The spiny frog stings you!!
You take 21 damage, and have 74/111 hp.
You mangle the spiny frog!! The spiny frog barely misses you.
You can now pass through a line of other dancers.
You closely miss the spiny frog. The spiny frog stings you!
You are poisoned.
The spiny frog poisons you!
You take 6 damage, and have 68/111 hp.
You mangle the spiny frog!!
You kill the spiny frog!
Your Armour skill increases to level 2!
You feel sick.
You take 2 damage, and have 66/111 hp.
Throwing (i - inventory)
Y - 10 large rocks (quivered)
{!d}
Aim: a six-headed hydra You throw a large rock {!d}.
The large rock {!d} hits the six-headed hydra!!
You feel very sick.
The six-headed hydra closely misses you. x2
The six-headed hydra misses you. The six-headed hydra bites you!
The six-headed hydra bites you but does no damage.
The six-headed hydra barely misses you.
Uskayaw will force your foes to helplessly watch your dance.
Uskayaw prepares the audience for your solo!
You take 13 damage, and have 53/111 hp.
The helpless six-headed hydra fails to defend itself.
You tear one of the six-headed hydra's heads off!
The five-headed hydra grows two more!
You mangle the seven-headed hydra!!
You feel sick.
The seven-headed hydra is no longer paralysed.
The seven-headed hydra closely misses you.
The seven-headed hydra barely misses you. x3
The seven-headed hydra closely misses you.
The seven-headed hydra bites you but does no damage.
The seven-headed hydra bites you.
You take 3 damage, and have 50/111 hp.
You claw one of the seven-headed hydra's heads off!
The six-headed hydra grows two more!
You mangle the eight-headed hydra!!
You feel sick. The eight-headed hydra bites you! x2
* * * LOW HITPOINT WARNING * * *
The eight-headed hydra bites you!
* * * LOW HITPOINT WARNING * * *
The eight-headed hydra completely misses you.
The eight-headed hydra bites you!
You die...

####.#.#####
#%.........#
#..........#
#...........
###........... ... ..
##.P...(!.....# ... ..
.?.....D......# ... .
#...@....... ###P..##
###.#....###
##.P..#.#####.....####
........##..........#
........###..........#
.........##.........##
........#...........##
........#.#...........
.........†#.........##


You could see an eight-headed hydra.

Vanquished Creatures
  A centaur warrior (D:10)
  3 cyclopes (D:10)
  An elephant (D:9)
  2 spiny frogs (Lair:1)
  A basilisk (D:9)
  4 yaks (D:9)
  A human (D:7)
  4 hogs
  A water moccasin (D:7)
  2 ice beasts
  3 sky beasts
  3 orc warriors
  A black bear (D:7)
  4 centaurs
  10 ogres
  A crocodile (D:9)
  14 bullfrogs
  A scorpion (D:8)
  A jelly (D:6)
  22 killer bees
  7 wights
  2 howler monkeys (D:9)
  4 crimson imps
  3 bullfrog zombies
  2 centaur zombies
  2 centaur skeletons
  7 orc wizards
  8 orc priests
  2 hounds
  3 bullfrog skeletons
  Ijyb (D:4)
  3 iguanas
  10 worker ants
  A hound zombie (D:5)
  2 hound skeletons
  A worker ant zombie (D:7)
  Robin (D:4)
  6 gnolls
  19 adders
  2 river rats (D:6)
  2 shadow imps
  12 oozes
  An adder zombie (D:5)
  An adder skeleton (D:5)
  4 worms
  11 leopard geckos
  44 orcs
  7 bats
  23 giant cockroaches
  19 goblins
  8 hobgoblins
  10 jackals
  7 kobolds
  5 quokkas
  11 ball pythons
  10 frilled lizards
  A giant cockroach zombie (D:5)
  A jackal skeleton (D:6)
  A leopard gecko skeleton (D:8)
  A leopard gecko zombie (D:8)
  9 rats
354 creatures vanquished.

Notes
Turn   | Place    | Note
-------+----------+-------------------------------------------
     0 | D:1      | Firecrotchwizard the Troll Assassin began the quest for the
                  | Orb.
     0 | D:1      | Reached XP level 1. HP: 19/19 MP: 0/0
   193 | D:1      | Reached skill level 1 in Unarmed Combat
   279 | D:1      | Reached XP level 2. HP: 26/28 MP: 1/1
   841 | D:2      | Reached skill level 2 in Fighting
   872 | D:2      | Reached skill level 2 in Unarmed Combat
  1067 | D:2      | Reached XP level 3. HP: 35/35 MP: 2/2
  1211 | D:2      | Reached skill level 3 in Unarmed Combat
  1211 | D:2      | Reached XP level 4. HP: 38/44 MP: 3/3
  1462 | D:2      | Found a deep blue altar of Sif Muna.
  1769 | D:3      | Found a shimmering altar of Xom.
  1973 | D:3      | Found an opulent altar of Gozag.
  1974 | D:3      | Found a glowing silver altar of Zin.
  2132 | D:3      | Reached XP level 5. HP: 41/50 MP: 4/4
  2138 | D:3      | HP: 11/50 [orc priest/+0 war axe (8)]
  2140 | D:3      | Reached skill level 4 in Unarmed Combat
  2242 | D:3      | Found an ancient bone altar of Kikubaaqudgha.
  2261 | D:3      | Found a radiant altar of Vehumet.
  2718 | D:4      | Found a staircase to the Ecumenical Temple.
  2736 | Temple   | Entered the Ecumenical Temple
  2811 | D:4      | Reached skill level 3 in Fighting
  2853 | D:4      | Noticed an ogre
  2858 | D:4      | Killed an ogre
  2858 | D:4      | Reached XP level 6. HP: 51/61 MP: 5/5
  2943 | D:4      | Reached skill level 5 in Unarmed Combat
  3147 | D:4      | Noticed Robin
  3166 | D:4      | Killed Robin
  3170 | D:4      | HP: 12/61 [ogre/+0 giant club (13)]
  3305 | D:4      | Noticed Ijyb
  3313 | D:4      | Killed Ijyb
  3387 | D:4      | Reached XP level 7. HP: 55/68 MP: 6/6
  3504 | D:4      | Reached skill level 6 in Unarmed Combat
  3885 | D:3      | Found a hide-covered altar of Uskayaw.
  3895 | D:3      | Became a worshipper of Uskayaw the Reveler
  4044 | D:5      | Entered Level 5 of the Dungeon
  4105 | D:5      | Reached * piety under Uskayaw
  4165 | D:5      | Reached ** piety under Uskayaw
  4166 | D:5      | Reached skill level 4 in Fighting
  4175 | D:5      | Found the +2 cloak of the Thief {+Fog Slay-2 SInv Stlth+}
  4230 | D:5      | Reached skill level 1 in Invocations
  4233 | D:5      | Reached *** piety under Uskayaw
  4324 | D:5      | Reached skill level 7 in Unarmed Combat
  4402 | D:5      | Reached skill level 2 in Invocations
  4402 | D:5      | Reached XP level 8. HP: 67/79 MP: 8/8
  4853 | D:6      | Found a glowing drain.
  4870 | Sewer    | Entered a sewer
  5123 | Sewer    | Reached **** piety under Uskayaw
  5231 | D:6      | Found a shadowy altar of Dithmenos.
  5285 | D:6      | Reached skill level 5 in Fighting
  5285 | D:6      | Reached skill level 8 in Unarmed Combat
  5285 | D:6      | Reached skill level 3 in Invocations
  5409 | D:6      | Reached ***** piety under Uskayaw
  5411 | D:6      | Reached XP level 9. HP: 25/88 MP: 10/10
  5411 | D:6      | HP: 22/88 [bullfrog zombie (2)]
  5416 | D:6      | HP: 14/88 [poisoned by a killer bee]
  5422 | D:6      | HP: 14/88 [poisoned by a killer bee]
  5429 | D:6      | HP: 15/88 [poisoned by a killer bee]
  5436 | D:6      | HP: 18/88 [poisoned by a killer bee]
  5444 | D:6      | HP: 21/88 [poisoned by a killer bee]
  5838 | D:6      | Reached skill level 9 in Unarmed Combat
  5905 | D:6      | Reached skill level 4 in Invocations
  5925 | D:6      | Found a white marble altar of Elyvilon.
  6471 | D:7      | Reached skill level 6 in Fighting
  6673 | D:7      | Reached skill level 10 in Unarmed Combat
  6940 | D:7      | Reached skill level 5 in Invocations
  7191 | D:7      | HP: 18/89 [hog (7)]
  7197 | D:7      | HP: 6/89 [hog (12)]
  7201 | D:7      | HP: 2/89 [hog (7)]
  7217 | D:7      | HP: 4/89 [hog (8)]
  7503 | D:7      | Reached XP level 10. HP: 92/100 MP: 11/13
  7605 | D:8      | Found a runed door.
  7605 | D:8      | Noticed a sixfirhy
  8312 | D:8      | Reached skill level 11 in Unarmed Combat
  8976 | D:9      | Noticed an elephant
  8983 | D:9      | Reached skill level 6 in Invocations
  8991 | D:9      | Killed an elephant
  8991 | D:9      | Reached skill level 7 in Fighting
  9072 | D:9      | Found a staircase to the Lair.
  9649 | D:10     | Entered Level 10 of the Dungeon
  9856 | D:10     | Reached skill level 12 in Unarmed Combat
  9864 | D:10     | HP: 25/102 [poisoned by a killer bee]
  9869 | D:10     | HP: 24/102 [poisoned by a killer bee]
  9875 | D:10     | HP: 24/102 [poisoned by a killer bee]
  9881 | D:10     | HP: 25/102 [poisoned by a killer bee]
 10251 | D:10     | Found an opulent altar of Gozag.
 10276 | D:10     | Noticed a cyclops
 10281 | D:10     | HP: 23/102 [cyclops (29)]
 10284 | D:10     | Killed a cyclops
 10284 | D:10     | Reached XP level 11. HP: 17/109 MP: 10/15
 10521 | D:10     | Upgraded the game from 0.23-a0-655-g3751e1c to
                  | 0.23-a0-681-g26ad783
 10522 | D:10     | Found a glowing silver altar of Zin.
 10683 | D:10     | Reached skill level 7 in Invocations
 10698 | D:10     | HP: 27/110 [poisoned by a killer bee]
 10703 | D:10     | HP: 24/110 [poisoned by a killer bee]
 10708 | D:10     | HP: 23/110 [poisoned by a killer bee]
 10714 | D:10     | HP: 24/110 [poisoned by a killer bee]
 10719 | D:10     | HP: 25/110 [poisoned by a killer bee]
 11398 | D:10     | Noticed a centaur warrior
 11406 | D:10     | Killed a centaur warrior
 11406 | D:10     | Reached skill level 1 in Armour
 11482 | D:10     | Reached skill level 8 in Fighting
 11770 | Lair:1   | Entered Level 1 of the Lair of Beasts
 11891 | Lair:1   | Noticed a six-headed hydra
 11898 | Lair:1   | Reached skill level 2 in Armour
 11901 | Lair:1   | HP: 24/111 [eight-headed hydra (14)]
 11901 | Lair:1   | HP: 8/111 [eight-headed hydra (16)]
 11901 | Lair:1   | Slain by an eight-headed hydra

Vault maps used:
D:1:      lightli_arrival_noodles
D:2:      kennysheep_big_flooded_room, lemuel_blue_sif_altar
D:3:      grunt_temple_overflow_gold_and_silver, nicolae_overflow_hidden_temple
D:4:      minmay_temple_entry_large_hall, serial_rivers,
          chequers_serial_rivers_large_a, chequers_serial_rivers_micro_d,
          chequers_serial_rivers_room_b, chequers_serial_rivers_small_b,
          chequers_serial_rivers_marsh, uniq_ijyb, uniq_robin
D:5:      first_ration, nrook_mini_vaults
D:6:      lemuel_round_altar, portal_sewer_entry_e, minmay_misc_feat_rows,
          grunt_dithmenos_smoke
D:7:      serial_park_tiny_2, grunt_livestock
D:8:      cheibrodos_shockbox
D:9:      david_lair_generic
D:10:     hangedman_feature_mirror, kennysheep_cross_room
Temple:   eino_temple_lava
Lair:1:   portal_ice_cave_demonic_guard, beast_lair_carwin_2
Sewer:    sewer_frog_island_02

Skill      XL: |  1  2  3  4  5  6  7  8  9 10 11 |
---------------+----------------------------------+-----
Unarmed Combat | 1 2 3 4 5 7 8 10 12 | 12.4
Fighting       | 2 3 4 5 6 7 8 |  8.1
Invocations    | 2 3 5 6 7 |  7.6
Armour         | 2 |  2.1
Short Blades   | |  1.5
Throwing       | |  1.7
Dodging        | |  0.7
Stealth        | |  2.1

Action                   |  1- 3 |  4- 6 |  7- 9 | 10-12 || total
-------------------------+-------+-------+-------+-------++-------
Melee: Unarmed           |    96 |   146 |   366 |   316 ||   924
       Punch             |     1 |     4 |    11 |    16 ||    32
Throw: Large rock        |       |       |       |     1 ||     1
Invok: Line Pass         |       |       |       |     1 ||     1
  Use: Scroll            |       |       |     9 |     4 ||    13
       Potion            |       |       |     1 |       ||     1
 Stab: Sleeping          |     4 |     9 |     9 |    11 ||    33
       Paralysed         |       |       |    18 |    21 ||    39
       Distracted        |       |       |     2 |       ||     2
  Eat: Chunk             |    16 |    21 |    37 |    37 ||   111
Armor: Robe              |    50 |    34 |   132 |    80 ||   296
Dodge: Dodged            |    49 |    61 |   156 |   136 ||   402

Table legend:
 A = Non-vault XP
 B = Vault XP
 C = Vault XP percentage of total XP
 D = Non-vault monster count
 E = Vault monster count
 F = Vault count percentage of total count
                 A         B        C        D         E       F
            +---------+---------+-------+---------+---------+-------
      Total |   11448 |    3722 |  24.5 |     270 |      84 |  23.7
            +---------+---------+-------+---------+---------+-------
        D:1 |      27 |       0 |   0.0 |      16 |       0 |   0.0
        D:2 |      91 |      15 |  14.2 |      23 |       2 |   8.0
        D:3 |     121 |       0 |   0.0 |      15 |       0 |   0.0
        D:4 |     501 |      73 |  12.7 |      23 |      14 |  37.8
        D:5 |     729 |       0 |   0.0 |      23 |       0 |   0.0
        D:6 |    1473 |     223 |  13.1 |      41 |       9 |  18.0
        D:7 |    1347 |     787 |  36.9 |      24 |       4 |  14.3
        D:8 |    1382 |       0 |   0.0 |      29 |       0 |   0.0
        D:9 |    1619 |     961 |  37.2 |      30 |       4 |  11.8
       D:10 |    3259 |    1399 |  30.0 |      43 |       2 |   4.4
     Lair:1 |     899 |       0 |   0.0 |       3 |       0 |   0.0
      Sewer |       0 |     264 | 100.0 |       0 |      49 | 100.0
            +---------+---------+-------+---------+---------+-------

Vault maps used:
D:1:      lightli_arrival_noodles
D:2:      kennysheep_big_flooded_room, lemuel_blue_sif_altar
D:3:      grunt_temple_overflow_gold_and_silver, nicolae_overflow_hidden_temple
D:4:      minmay_temple_entry_large_hall, serial_rivers,
          chequers_serial_rivers_large_a, chequers_serial_rivers_micro_d,
          chequers_serial_rivers_room_b, chequers_serial_rivers_small_b,
          chequers_serial_rivers_marsh, uniq_ijyb, uniq_robin
D:5:      first_ration, nrook_mini_vaults
D:6:      lemuel_round_altar, portal_sewer_entry_e, minmay_misc_feat_rows,
          grunt_dithmenos_smoke
D:7:      serial_park_tiny_2, grunt_livestock
D:8:      cheibrodos_shockbox
D:9:      david_lair_generic
D:10:     hangedman_feature_mirror, kennysheep_cross_room
Temple:   eino_temple_lava
Lair:1:   portal_ice_cave_demonic_guard, beast_lair_carwin_2
Sewer:    sewer_frog_island_02

Table legend:
 A = Turns spent in this place as a percentage of turns spent in the entire game.
 B = Non-inter-level travel turns spent in this place as a percentage of non-inter-level travel turns spent in the entire game.
 C = Inter-level travel turns spent in this place as a percentage of turns spent in this place.
 D = Turns resting spent in this place as a percentage of non-inter-level travel turns spent in this place.
 E = Turns spent auto-exploring this place as a percentage of non-inter-level travel turns spent in this place.
 F = Non-inter-level travel turns spent in this place divided by the number of levels of this place that you've seen.
                   A       B       C       D       E      F
               +-------+-------+-------+-------+-------+----------------------
         Total | 100.0 | 100.0 |   4.5 |  19.3 |  61.6 | 874.5
       Dungeon |  95.7 |  95.6 |   4.6 |  19.3 |  62.9 | 1086.3
        Temple |   0.6 |   0.5 |  14.5 |   0.0 |  98.3 |  59.0
          Lair |   1.1 |   1.1 |   0.8 |  53.1 |  14.6 | 130.0
         Sewer |   2.7 |   2.8 |   0.0 |   8.5 |  29.1 | 316.0
               +-------+-------+-------+-------+-------+----------------------

Table legend:
 A = Kills in this place as a percentage of kills in entire the game.
 B = Kills by you in this place as a percentage of kills by you in the entire game.
 C = Kills by friends in this place as a percentage of kills by friends in the entire game.
 D = Other kills in this place as a percentage of other kills in the entire game.
 E = Experience gained in this place as a percentage of experience gained in the entire game.
 F = Experience gained in this place divided by the number of levels of this place that you have seen.
                   A       B       C       D       E      F
               +-------+-------+-------+-------+-------+----------------------
         Total | 100.0 | 100.0 |   N/A |   N/A | 100.0 | 1166.9
       Dungeon |  85.3 |  85.3 |   N/A |   N/A |  92.3 | 1400.7
          Lair |   0.8 |   0.8 |   N/A |   N/A |   5.9 | 899.0
         Sewer |  13.8 |  13.8 |   N/A |   N/A |   1.7 | 264.0
               +-------+-------+-------+-------+-------+----------------------
